 Dungeon Crawl Stone Soup version 0.29-a0-973-gac7da5f7f0 (webtiles) character file.

Game seed: 13117942042910106545

504 jlumianski the Chopper (level 6, 0/48 HPs)
             Began as a Demonspawn Fighter on July 31, 2022.
             Slain by Pikel
             ... wielding a +2 whip of flaming
              (9 damage)
             ... on level 3 of the Dungeon.
             The game lasted 00:14:09 (3778 turns).

jlumianski the Chopper (Demonspawn Fighter)         Turns: 3778, Time: 00:14:09

Health: 0/48       AC:  9    Str: 17 (19) XL:     6   Next: 96%
Magic:  6/6        EV:  9    Int:  6 (9)  God:
Gold:   36         SH:  4    Dex: 12      Spells: 5/5 levels left

rFire   . . .      SeeInvis .   a - +1 war axe
rCold   . . .      Faith    .   c - +0 buckler
rNeg    . . .      Spirit   .   b - +0 scale mail
rPois   .          Reflect  .   (helmet restricted)
rElec   .          Harm     .   (no cloak)
rCorr   .          Rampage  .   (no gloves)
Will    .....                   n - +0 pair of boots
Stlth   ..........              (no amulet)
HPRegen 0.16/turn               (no ring)
MPRegen 0.10/turn               (no ring)

@: no status effects
A: antennae 1, demonic guardian 1, sharp scales 1
a: no special abilities


You were on level 3 of the Dungeon.
You visited 1 branch of the dungeon, and saw 4 of its levels.

You collected 275 gold pieces.
You spent 239 gold pieces at shops.

Inventory:

Hand Weapons
 a - a +1 war axe (weapon)
 e - a +0 sling
Missiles
 h - a throwing net
 j - 21 stones (quivered)
 l - 7 poisoned darts
Armour
 b - a +0 scale mail (worn)
 c - a +0 buckler (worn)
 n - a +0 pair of boots (worn)
Magical Staves
 f - a staff of air
Jewellery
 q - an amulet of the acrobat
 s - a +6 ring of intelligence
Wands
 t - a wand of mindburst (9)
Scrolls
 o - a scroll of teleportation
 p - a scroll of brand weapon {unknown}
 r - 3 scrolls of enchant weapon
 u - a scroll of fear {unknown}
Potions
 d - a potion of might
 g - a potion of resistance
 i - a potion of degeneration
 k - a potion of lignification
 m - 3 potions of curing


   Skills:
 + Level 3.9 Fighting
 + Level 4.2 Axes
 + Level 1.9 Ranged Weapons
 + Level 0.1 Throwing
 + Level 3.6 Armour
 + Level 0.8 Dodging
 + Level 0.1 Stealth
 + Level 3.2 Shields
 * Level 2.5 Evocations


You had 5 spell levels left.
You didn't know any spells.
Your spell library contained the following spells:

 Spells                   Type           Power      Damage    Failure   Level
 Apportation              Tloc           0%         N/A       91%         1
 Necrotise                Necr           0%         1d4       91%         1
 Summon Small Mammal      Summ           0%         N/A       91%         1
 Inner Flame              Hex/Fire       0%         N/A       100%        3
 Ozocubu's Armour         Ice            0%         N/A       100%        3
 Cause Fear               Hex            0%         N/A       100%        4
 Ozocubu's Refrigeration  Ice            0%         4d5       100%        7
 Discord                  Hex            0%         N/A       100%        8


Dungeon Overview and Level Annotations

Branches:
Dungeon (4/15)
 Temple: D:4-7

Altars:

Shops:
D:2 *   D:3 *

Annotations:
D:3 Pikel


Innate Abilities, Weirdness & Mutations

You have a pair of small antennae on your head.
A weak demonic guardian rushes to your aid.
You are partially covered in razor-sharp scales. (AC +1, Slay +1)


Message History

A lemure comes into view.
Pikel hits you with a +2 whip of flaming.
Pikel burns you.
There is a stone staircase leading up, spattered with blood here.
The lemure shouts!
Pikel hits you with a +2 whip of flaming!
Pikel burns you.
You climb upwards.
There is a stone staircase leading down here.
You see here a jackal skeleton.
You slash Pikel!
Pikel is lightly wounded.
You block Pikel's attack.
You slash Pikel!
Pikel is heavily wounded.
Pikel hits you with a +2 whip of flaming.
Pikel burns you.
You hit Pikel.
Pikel is heavily wounded.
Pikel hits you with a +2 whip of flaming.
Pikel burns you.
Pikel hits you with a +2 whip of flaming.
Pikel burns you.
You slash Pikel!
Pikel is severely wounded.
You block Pikel's attack.
You closely miss Pikel.
Pikel is severely wounded.
Pikel hits you with a +2 whip of flaming!
Pikel burns you.
* * * LOW HITPOINT WARNING * * *
You hit Pikel but do no damage.
Pikel is severely wounded.
Pikel hits you with a +2 whip of flaming.
* * * LOW HITPOINT WARNING * * *
Pikel burns you.
* * * LOW HITPOINT WARNING * * *
A demonic guardian appears!
Pikel hits you with a +2 whip of flaming!
You die...

##.## #.........## ##.###
#.# #########..###..###
#.###### ###.#.####.
#......# ###...# #.
#..###.# #.....# #.
#..###.# #.#...# #.
#....#.# #.#######.
##.#.#.##########.##......
#......5@K.......##.####.
###################.####.
#.#.... #.#.##. #.#.##.
#.....[ ###.### #.##
###..#


You could see Pikel (ally target) and a friendly iron imp (summoned).

Vanquished Creatures
  Sigmund (D:2)
  A centaur (D:3)
  A phantom (D:3)
  An orc priest (D:3)
  Terence (D:3)
  3 gnolls
  2 adders (D:3)
  A worm (D:2)
  A dart slug (D:2)
  6 orcs
  A ball python (D:1)
  7 endoplasms
  6 giant cockroaches
  11 goblins
  7 hobgoblins
  6 jackals
  A quokka (D:2)
  5 bats
  4 frilled lizards (D:1)
  10 kobolds
  5 rats
81 creatures vanquished.

Vanquished Creatures (collateral kills)
  2 orcs (D:2)
  A rat (D:3)
3 creatures vanquished.

Vanquished Creatures (others)
  5 plants (D:3)
5 creatures vanquished.

Grand Total: 89 creatures vanquished

Notes
Turn   | Place    | Note
-------+----------+-------------------------------------------
     0 | D:1      | jlumianski the Demonspawn Fighter began the quest for the
                  | Orb.
     0 | D:1      | Reached XP level 1. HP: 18/18 MP: 1/1
   366 | D:1      | Reached skill level 2 in Axes
   370 | D:1      | Gained mutation: You have a pair of small antennae on your
                  | head. [demonic ancestry]
   370 | D:1      | Reached XP level 2. HP: 22/24 MP: 2/2
   749 | D:1      | Found a faded altar of an unknown god.
  1125 | D:1      | Reached XP level 3. HP: 24/29 MP: 3/3
  1483 | D:2      | Found Supianar's Assorted Antiques.
  1809 | D:2      | Noticed a scorpion
  1817 | D:2      | Noticed Sigmund
  1824 | D:2      | Killed Sigmund
  1825 | D:2      | Reached skill level 3 in Axes
  1825 | D:2      | Reached skill level 1 in Ranged Weapons
  1825 | D:2      | Reached skill level 1 in Evocations
  1825 | D:2      | Reached XP level 4. HP: 12/37 MP: 4/4
  1825 | D:2      | Gained mutation: A weak demonic guardian rushes to your
                  | aid. [demonic ancestry]
  1825 | D:2      | Reached XP level 5. HP: 14/42 MP: 5/5
  2468 | D:3      | Noticed Terence
  2477 | D:3      | Killed Terence
  2478 | D:3      | Gained mutation: You are partially covered in razor-sharp
                  | scales. (AC +1, Slay +1) [demonic ancestry]
  2478 | D:3      | Reached XP level 6. HP: 43/48 MP: 6/6
  3235 | D:3      | Found Fischasm's Assorted Antiques.
  3263 | D:3      | Bought a wand of mindburst (9) for 239 gold pieces
  3662 | D:4      | Reached skill level 4 in Axes
  3688 | D:4      | Noticed Pikel
  3778 | D:3      | Slain by Pikel

Illustrated notes

Levels and vault maps discovered:
D:1:      lemuel_arrival_room, layout_basic,
          hellmonk_ecumenical_altar_prayer_group
D:2:      layout_basic, serial_shops, shop, lightli_corner_chamber, uniq_sigmund
D:3:      layout_loops_cross, serial_shops, nicolae_shop_overgrown_old_shop,
          minmay_goblin_outpost, uniq_terence
D:4:      layout_cave_pools, uniq_pikel

Skill      XL: |  1  2  3  4  5  6 |
---------------+-------------------+-----
Axes           | 2 3 4 |  4.2
Ranged Weapons | 1 |  1.9
Armour         | 3 |  3.6
Evocations     | 1 2 |  2.5
Shields        | 3 |  3.2
Fighting       | |  3.9
Throwing       | |  0.1
Dodging        | |  0.8
Stealth        | |  0.1

Action                   |  1- 3 |  4- 6 || total
-------------------------+-------+-------++-------
Melee: War axe           |   112 |   124 ||   236
 Fire: Sling             |     8 |     1 ||     9
Throw: Stone             |     3 |       ||     3
Evoke: Wand              |     5 |       ||     5
  Use: Scroll            |     5 |     1 ||     6
       Potion            |     1 |     1 ||     2
Armor: Scale mail        |    61 |    87 ||   148
Dodge: Dodged            |    38 |    73 ||   111
Block: Buckler           |    28 |    47 ||    75

Table legend: (Time is in decaauts)
 A = Elapsed time spent in this place.
 B = Non-inter-level travel time spent in this place.
 C = Inter-level travel time spent in this place.
 D = Time resting spent in this place.
 E = Time spent auto-exploring this place.
 F = Levels seen in this place.
 G = Mean time per level.
                   A        B        C        D        E       F      G
               +--------+--------+--------+--------+--------+-----+--------+
         Total |   3891 |   3849 |     42 |    802 |   1553 |   4 |  972.8 |
       Dungeon |   3891 |   3849 |     42 |    802 |   1553 |   4 |  972.8 |
               +--------+--------+--------+--------+--------+-----+--------+

Top non-repeatable levels by time:
     D:1: 1304 daAuts
     D:3: 1203 daAuts
     D:2: 1179 daAuts
     D:4: 203 daAuts
